 Dungeon Crawl Stone Soup version 0.17.0-28-g6e173f8 (webtiles) character file.

107 baaltosaur the Skirmisher (level 4, -1/37 HPs)
             Began as a Demonspawn Chaos Knight on Nov 26, 2015.
             Slain by a gnoll
             ... wielding a +0 flail
              (4 damage)
             ... on level 3 of the Dungeon.
             The game lasted 00:12:36 (2140 turns).

baaltosaur the Skirmisher (Demonspawn Chaos Knight) Turns: 2140, Time: 00:12:36

Health: -1/37      AC:  6    Str: 19    XL:     4   Next: 56%
Magic:  4/4        EV: 15    Int: 13    God:    Xom [..*...]
Gold:   187        SH:  0    Dex: 12    Spells: 0 memorised, 3 levels left

rFire  . . .     SeeInvis .     a - +0 mace (chaos)
rCold  + . .     Clarity  .     b - +3 leather armour
rNeg   . . .     SustAt   .     (no shield)
rPois  .         Gourm    .     (no helmet)
rElec  +         Spirit   .     (no cloak)
rCorr  .         Warding  .     (no gloves)
rMut   .         Stasis   .     (no boots)
MR     .....                    (no amulet)
Stlth  +.........               (no ring)
                                (no ring)

@: mighty, not resistant to hostile enchantments, very unstealthy
A: repulsion field 2, cold resistance 1, electricity resistance, spit poison 1
a: Spit Poison, Renounce Religion


You were on level 3 of the Dungeon.
You worshipped Xom.
You were a toy of Xom.
You were not hungry.

You visited 1 branch of the dungeon, and saw 3 of its levels.

You collected 187 gold pieces.

Inventory:

Hand Weapons
 a - a +0 mace of chaos (weapon)
Armour
 b - a +3 leather armour (worn)
 o - a +0 chain mail
Scrolls
 c - a scroll of amnesia {unknown}
 e - 2 scrolls of remove curse
 f - a scroll of fog {unknown}
 h - a scroll of identify
 k - a scroll of noise {unknown}
 l - a scroll of magic mapping {unknown}
 r - a scroll of recharging {unknown}
Potions
 g - a potion of ambrosia {unknown}
 j - a potion of lignification {unknown}
 n - a potion of curing {unknown}
 q - a potion of flight {unknown}
Comestibles
 p - a bread ration


   Skills:
 + Level 4.0 Fighting
 + Level 3.4 Maces & Flails
 + Level 2.2 Armour
 + Level 1.9 Dodging
 + Level 0.2 Stealth


You had 3 spell levels left.
You didn't know any spells.

Dungeon Overview and Level Annotations

Branches:
Dungeon (3/15)

Altars:
Gozag
Nemelex Xobeh
Trog


Innate Abilities, Weirdness & Mutations

You are surrounded by a moderate repulsion field (EV +3).
Your flesh is cold resistant.
You are resistant to electric shocks.
You can spit weak poison.


Message History

You feel strangely unstable. The gnoll misses you.
Unknown command.
Unknown command.
Unknown command.
The gnoll throws a stone.
The stone hits you but does no damage.
You see here 2 stones.
As you read the scroll of teleportation, it crumbles to dust.
You feel strangely stable.
The gnoll throws a stone.
The stone barely misses you. The gnoll completely misses you.
You feel very mighty all of a sudden.
The gnoll throws a stone.
The stone hits you but does no damage.
You are too injured to fight recklessly!
You sock the gnoll!
You feel better.
The gnoll is severely wounded.
The gnoll hits you with a flail!
* * * LOW HITPOINT WARNING * * *
You hit the gnoll. You burn the gnoll.
The gnoll is almost dead.
The gnoll hits you with a flail.
You die...

#.......#####.##.....
##...................
#.....#...#...###+###
#..###....#...#
#..#......#...#
#..#.##...#...#
#..)...........
##.#g#...##.####
..#@†.........
#.####g#...##.#..
#.g....#.........
#........#..###...
#....#####... ..#
#.#. #...# .# # #
#.... # ......
#.#..#.


You could see 2 gnolls.

Vanquished Creatures
  The ghost of coffecat the Firebug, a weakling DgFE (D:3)
  3 adders
  A worm (D:2)
  3 giant geckos
  6 bats
  2 hobgoblins (D:1)
  3 giant newts
  7 goblins
  2 jackals (D:2)
  4 kobolds (D:1)
  5 rats
37 creatures vanquished.

Vanquished Creatures (others)
  A giant newt (D:2)
1 creature vanquished.

Grand Total: 38 creatures vanquished

Notes
Turn   | Place    | Note
--------------------------------------------------------------
     0 | D:1      | baaltosaur the Demonspawn Chaos Knight began the quest for the Orb.
     0 | D:1      | Reached XP level 1. HP: 18/18 MP: 1/1
    36 | D:1      | XOM: harmless Chrm miscast
   242 | D:1      | Reached skill level 1 in Dodging
   279 | D:1      | Gained mutation: Your flesh is cold resistant. [demonic ancestry]
   279 | D:1      | Reached XP level 2. HP: 17/24 MP: 2/2
   633 | D:1      | XOM: 2-stop teleportation journey
   692 | D:1      | XOM: torment (13/24 hp)
   991 | D:2      | XOM: mild Necr miscast
  1053 | D:2      | XOM: destruction
  1076 | D:2      | Found a sparkling altar of Nemelex Xobeh.
  1125 | D:2      | Gained mutation: You are surrounded by a mild repulsion field (EV +2). [demonic ancestry]
  1125 | D:2      | Reached XP level 3. HP: 16/29 MP: 3/3
  1280 | D:2      | XOM: vitrification
  1476 | D:2      | Found a bloodstained altar of Trog.
  1760 | D:2      | Found an opulent altar of Gozag.
  1962 | D:2      | XOM: cast spell 'Summon Butterflies'
  2054 | D:3      | Noticed coffecat's ghost (weakling DgFE)
  2071 | D:3      | Killed coffecat's ghost
  2071 | D:3      | Reached skill level 4 in Fighting
  2071 | D:3      | Gained mutation: You are surrounded by a moderate repulsion field (EV +3). [demonic ancestry]
  2071 | D:3      | Reached XP level 4. HP: 29/37 MP: 4/4
  2086 | D:3      | XOM: noise
  2098 | D:3      | Gained mutation: You can spit weak poison. [potion of beneficial mutation]
  2099 | D:3      | Gained mutation: You are resistant to electric shocks. [potion of beneficial mutation]
  2140 | D:3      | Slain by a gnoll

Action                   |  1- 3 |  4- 6 || total
-------------------------+-------+-------++-------
Melee: Mace              |   125 |    19 ||   144
  Use: Scroll            |     5 |     4 ||     9
       Potion            |       |     3 ||     3
 Stab: Paralysed         |     1 |       ||     1
       Sleeping          |     1 |       ||     1
  Eat: Bread ration      |     1 |       ||     1
